 Dungeon Crawl Stone Soup version 0.26.1-2-gb8aa6d0cf2 (webtiles) character file.

Game seed: 10597091019584716084

27794 Tsundere the Severer (level 13, -23/114 HPs)
             Began as a Hill Orc Fighter on Mar 9, 2021.
             Was the Champion of Okawaru.
             Hit by a large rock thrown by a stone giant (43 damage)
             ... on level 2 of the Orcish Mines.
             The game lasted 01:18:29 (19280 turns).

Tsundere the Severer (Hill Orc Fighter)            Turns: 19280, Time: 01:18:29

Health: -23/114    AC: 24    Str: 22    XL:     13   Next: 34%
Magic:  9/16       EV:  9    Int:  8    God:    Okawaru [******]
Gold:   1614       SH: 12    Dex: 10    Spells: 11/12 levels left

rFire    . . .     SeeInvis .   m - +4 broad axe (elec)
rCold    + . .     Faith    +   c - +0 kite shield
rNeg     . . .     Spirit   .   z - +4 chain mail {rPois}
rPois    +         Reflect  .   (no helmet)
rElec    .         Harm     +   b - scarf {harm}
rCorr    .         Rampage  .   (no gloves)
Will     +....     Rnd*Tele +   N - +3 pair of boots of Discretion {Will+}
Stlth    ..........             S - amulet of faith
HPRegen  0.29/turn              k - +4 ring of protection
MPRegen  0.15/turn              X - ring "Dairchog" {*Tele +Fly rC+}

@: finesse
A: clumsy 1
a: Renounce Religion, Evoke Flight, Heroism, Finesse


You were on level 2 of the Orcish Mines.
You worshipped Okawaru.
Okawaru was exalted by your worship.
You visited 3 branches of the dungeon, and saw 15 of its levels.

You collected 1614 gold pieces.

Inventory:

Hand Weapons
 m - a +4 broad axe of electrocution (weapon)
 F - a +2 long sword of flaming
 Y - a +2 war axe of electrocution
Missiles
 l - 2 throwing nets
 s - 24 poisoned darts
Armour
 b - a scarf of harm (worn)
 c - a +0 kite shield (worn)
 z - a +4 chain mail of poison resistance (worn)
 N - the +3 pair of boots of Discretion (worn) {Will+}
   (Okawaru gifted it to you on level 8 of the Dungeon)

   It affects your willpower, your defense against some magical effects.
Jewellery
 k - a +4 ring of protection (left hand)
 p - an uncursed amulet of magic regeneration
 v - a +6 ring of dexterity
 x - an uncursed ring of ice
 C - an uncursed amulet of guardian spirit
 S - an amulet of faith (around neck)
 X - the ring "Dairchog" (right hand) {*Tele +Fly rC+}
   (You found it on level 12 of the Dungeon)

   [ring of teleportation]

   It may teleport you next to monsters.
   It protects you from cold.
   It lets you fly.
Wands
 y - a wand of digging (7)
 B - a wand of paralysis (21)
 E - a wand of flame (10)
 O - a wand of iceblast (4)
Scrolls
 e - 8 scrolls of remove curse
 h - 3 scrolls of immolation
 o - a scroll of fear
 G - a scroll of magic mapping
 H - a scroll of amnesia
 K - a scroll of silence {unknown}
 M - a scroll of vulnerability {unknown}
 P - a scroll of acquirement {unknown}
Potions
 a - 2 potions of cancellation
 d - 2 potions of might
 i - a potion of resistance
 j - 2 potions of magic
 n - a potion of heal wounds {unknown}
 r - 5 potions of brilliance
 w - a potion of ambrosia {unknown}
 D - 2 potions of attraction
 I - a potion of degeneration {unknown}
 U - a potion of berserk rage
 V - a potion of haste
Miscellaneous
 g - a phial of floods (inert) (quivered)
 L - a lightning rod (4/4)


   Skills:
 + Level 10.5 Fighting
 + Level 4.0 Long Blades
 + Level 15.6 Axes
 + Level 5.7 Throwing
 + Level 10.6 Armour
 + Level 3.7 Dodging
 + Level 2.0 Stealth
 + Level 10.9 Shields
 + Level 4.0 Invocations
 + Level 2.2 Evocations


You had 11 spell levels left.
You knew the following spells:

 Your Spells              Type           Power        Failure   Level
a - Magic Dart            Conj           0%           99%         1

Your spell library contained the following spells:

 Spells                   Type           Power        Failure   Level
 Blink                    Tloc           N/A          100%        2
 Call Imp                 Summ           0%           100%        2
 Searing Ray              Conj           0%           100%        2
 Slow                     Hex            0%           100%        2
 Conjure Flame            Conj/Fire      0%           100%        3
 Dazzling Flash           Conj/Hex       0%           100%        3
 Mephitic Cloud           Conj/Pois/Air  0%           100%        3
 Fulminant Prism          Conj/Hex       0%           100%        4
 Iskenderun's Mystic Bla  Conj/Tloc      0%           100%        4


Dungeon Overview and Level Annotations

Branches:
Dungeon (12/15)            Temple (0/1) D:6            Lair (0/6) D:11
    Orc (2/2) D:12            Elf (1/3) Orc:2

Altars:
Ashenzari
Elyvilon
Kikubaaqudgha
Makhleb
Okawaru
Trog
Vehumet
Wu Jian
The Shining One

Shops:
D:11 (   Orc:2 ([


Innate Abilities, Weirdness & Mutations

You are clumsy. (Dex -2)


Message History

You closely miss the troll. You slice the two-headed ogre!!
You kill the two-headed ogre!
Okawaru is honoured by your kill.
You barely miss the troll. The troll completely misses you.
The troll claws you but does no damage. x2
Your Invocations skill increases to level 4!
You feel like a meek peon again. The troll bites you but does no damage.
You block the troll's attack. The troll closely misses you.
Items here: $ ))))))) ††.
You barely miss the troll.
The troll is almost dead.
The stone giant shouts!
You barely miss the troll.
The troll is almost dead.
The troll bites you but does no damage. You block the troll's attack.
The troll claws you but does no damage.
The stone giant throws a large rock.
The large rock hits you!!!
You die...

..O....))..#
...........##
............#
.C.........##
....#......#
.#..###....##
......#.....#
...........##
....#.T@)###
#. ###.## ###


You could see a stone giant and a troll.

Vanquished Creatures
  A deep elf demonologist (Elf:1)
  The ghost of rnawigator the Grappler, a novice DrTm of Wu Jian (D:9)
  7 two-headed ogres
  An ogre mage (Orc:2)
  An orc high priest (Orc:1)
  Nergalle (D:11)
  Urug (D:11)
  A deep troll (Orc:2)
  An orc knight (D:9)
  2 deep elf magi (Elf:1)
  3 manticores
  A cyclops (D:11)
  Maurice (D:8)
  A centaur zombie (D:8)
  Maggie (D:6)
  8 trolls
  A merfolk (D:8)
  Grinder (D:4)
  Sigmund (D:4)
  3 wyverns (D:8)
  A hog (D:8)
  A wraith (D:11)
  A vampire (D:9)
  Grum (D:7)
  5 yaks (D:12)
  A neqoxec (D:9)
  3 wargs
  2 acid dragons
  Edmund (D:4)
  2 ice beasts
  4 sky beasts
  10 black bears
  13 orc warriors
  4 phantoms
  17 ogres
  9 centaurs
  5 big kobolds
  20 bullfrogs
  5 gnoll sergeants
  4 scorpions
  5 electric eels (D:8)
  A crimson imp (D:4)
  7 quasits
  13 orc wizards
  19 hounds
  14 orc priests
  3 centaur skeletons
  4 gnoll shamans
  3 jellies
  3 bullfrog skeletons
  3 iguanas
  6 worker ants
  A hound zombie (D:9)
  A hound skeleton (D:4)
  A howler monkey zombie (D:11)
  A worker ant zombie (D:5)
  28 gnolls
  12 adders
  A shadow imp (D:7)
  2 white imps
  3 ufetubi
  4 oozes
  2 adder zombies
  An adder skeleton (D:8)
  3 worms (D:2)
  2 dart slugs (D:1)
  3 leopard geckos
  68 orcs
  7 giant cockroaches
  10 hobgoblins
  12 jackals
  5 quokkas
  3 ball pythons
  8 bats
  2 frilled lizards (D:2)
  6 goblins
  25 kobolds
  A leopard gecko skeleton (D:5)
  A quokka skeleton (D:4)
  9 rats
450 creatures vanquished.

Vanquished Creatures (collateral kills)
  A worker ant zombie (D:11)
1 creature vanquished.

Vanquished Creatures (others)
  A wizard (D:7)
  2 ogres (Orc:2)
  50 plants (D:8)
53 creatures vanquished.

Grand Total: 504 creatures vanquished

Notes
Turn   | Place    | Note
-------+----------+-------------------------------------------
     0 | D:1      | Tsundere the Hill Orc Fighter began the quest for the Orb.
     0 | D:1      | Reached XP level 1. HP: 19/19 MP: 1/1
   229 | D:1      | Reached skill level 3 in Axes
   248 | D:1      | Found a broken altar of Ashenzari.
   258 | D:1      | Reached XP level 2. HP: 23/26 MP: 2/2
   706 | D:1      | Reached XP level 3. HP: 33/33 MP: 3/3
  1325 | D:2      | Reached skill level 4 in Axes
  1330 | D:2      | Reached XP level 4. HP: 33/40 MP: 4/4
  1672 | D:2      | You fall into a shaft and drop 1 floor!
  2258 | D:3      | Reached skill level 5 in Axes
  2258 | D:3      | Reached XP level 5. HP: 19/46 MP: 5/5
  3127 | D:4      | Reached skill level 1 in Dodging
  3212 | D:4      | Noticed an ogre
  3220 | D:4      | Killed an ogre
  3221 | D:4      | Reached XP level 6. HP: 22/52 MP: 6/6
  3730 | D:4      | Found an iron altar of Okawaru.
  3735 | D:4      | Became a worshipper of Warmaster Okawaru
  3799 | D:4      | Reached skill level 1 in Long Blades
  3848 | D:4      | Noticed Sigmund
  3866 | D:4      | Killed Sigmund
  3867 | D:4      | Reached skill level 6 in Axes
  3867 | D:4      | Reached skill level 5 in Armour
  3867 | D:4      | Reached XP level 7. HP: 59/59 MP: 7/7
  3976 | D:4      | Noticed Edmund
  4004 | D:4      | Killed Edmund
  4004 | D:4      | Reached * piety under Okawaru
  4171 | D:4      | Reached skill level 7 in Axes
  4274 | D:4      | Noticed Grinder
  4276 | D:4      | Paralysed by Grinder for 7 turns
  4305 | D:4      | Killed Grinder
  4306 | D:4      | Reached skill level 1 in Throwing
  4368 | D:4      | Reached ** piety under Okawaru
  4369 | D:4      | Reached XP level 8. HP: 55/67 MP: 8/8
  4686 | D:4      | Found a burning altar of Makhleb.
  4687 | D:4      | Found a radiant altar of Vehumet.
  4691 | D:4      | Reached skill level 8 in Axes
  4919 | D:5      | Entered Level 5 of the Dungeon
  5361 | D:5      | Reached skill level 5 in Shields
  5555 | D:5      | Reached skill level 9 in Axes
  6243 | D:6      | Reached skill level 5 in Fighting
  6243 | D:6      | Reached XP level 9. HP: 71/74 MP: 9/9
  6319 | D:6      | Found a glowing golden altar of the Shining One.
  6384 | D:6      | Noticed Maggie
  6409 | D:6      | Killed Maggie
  6409 | D:6      | Reached *** piety under Okawaru
  6410 | D:6      | Reached skill level 1 in Stealth
  6445 | D:6      | Reached skill level 1 in Invocations
  6754 | D:6      | Reached skill level 10 in Axes
  6955 | D:6      | Found a staircase to the Ecumenical Temple.
  7751 | D:7      | Found a radiant altar of Vehumet.
  7902 | D:7      | Noticed Grum
  7912 | D:7      | Killed Grum
  7913 | D:7      | Reached XP level 10. HP: 54/83 MP: 11/11
  8074 | D:7      | Found an ancient bone altar of Kikubaaqudgha.
  8076 | D:7      | Found a bloodstained altar of Trog.
  8108 | D:7      | Reached **** piety under Okawaru
  8115 | D:7      | Reached skill level 11 in Axes
  8502 | D:7      | Received a gift from Okawaru
  8739 | D:7      | Found a bloodstained altar of Trog.
  8740 | D:7      | Noticed a wizard
  8745 | D:7      | Killed a wizard
  8843 | D:8      | Found an ornate altar of the Wu Jian Council.
  8923 | D:8      | Noticed Maurice
  8950 | D:8      | Killed Maurice
  8974 | D:8      | Received a gift from Okawaru
  9231 | D:8      | Noticed a manticore
  9251 | D:8      | Killed a manticore
  9255 | D:8      | Noticed a manticore
  9269 | D:8      | Reached ***** piety under Okawaru
  9276 | D:8      | Killed a manticore
  9820 | D:8      | Reached XP level 11. HP: 94/94 MP: 6/12
  9826 | D:8      | Reached skill level 12 in Axes
 10107 | D:8      | Received a gift from Okawaru
 10110 | D:8      | Got a pair of transparent boots {god gift}
 10115 | D:8      | Identified the +3 pair of boots of Discretion {Will+}
                  | (Okawaru gifted it to you on level 8 of the Dungeon)
 10641 | D:8      | Noticed a two-headed ogre
 10663 | D:8      | Killed a two-headed ogre
 11042 | D:8      | Reached skill level 1 in Evocations
 12224 | D:9      | Learned a level 1 spell: Magic Dart
 12228 | D:9      | Found a transporter.
 12233 | D:9      | Noticed rnawigator's ghost (novice DrTm)
 12309 | D:9      | Found a transporter.
 12575 | D:9      | Found a runed translucent door.
 12576 | D:9      | Noticed a fire giant
 13034 | D:9      | Gained mutation: You are clumsy. (Dex -2) [a neqoxec]
 13046 | D:9      | Reached skill level 13 in Axes
 13052 | D:9      | Killed rnawigator's ghost
 13210 | D:9      | Noticed an orc knight
 13232 | D:9      | Killed an orc knight
 13808 | D:9      | HP: 2/95 [freezing wraith (6)]
 14253 | D:10     | Entered Level 10 of the Dungeon
 14405 | D:10     | Found a white marble altar of Elyvilon.
 15053 | D:10     | Reached XP level 12. HP: 95/103 MP: 14/14
 15189 | D:11     | Noticed Nergalle
 15210 | D:11     | Killed Nergalle
 16088 | D:11     | Found a staircase to the Lair.
 16101 | D:11     | Found Pieboiph's Weapon Boutique.
 16227 | D:11     | Noticed Urug
 16245 | D:11     | Reached skill level 10 in Shields
 16325 | D:11     | Paralysed by Urug for 2 turns
 16335 | D:11     | Killed Urug
 16659 | D:12     | Found a staircase to the Orcish Mines.
 16662 | D:12     | Reached skill level 5 in Throwing
 17140 | D:12     | Got a scintillating glass ring
 17398 | Orc:1    | Entered Level 1 of the Orcish Mines
 17417 | Orc:1    | Reached skill level 14 in Axes
 17605 | Orc:2    | Entered Level 2 of the Orcish Mines
 17852 | Orc:1    | Noticed an orc high priest
 17871 | Orc:1    | Killed an orc high priest
 18097 | Orc:1    | Reached skill level 10 in Armour
 18298 | Orc:2    | Reached skill level 10 in Fighting
 18345 | Orc:2    | Received a gift from Okawaru
 18363 | Orc:2    | Identified the ring "Dairchog" {*Tele +Fly rC+} (You found
                  | it on level 12 of the Dungeon)
 18459 | Orc:2    | Found a staircase to the Elven Halls.
 18472 | Elf:1    | Entered Level 1 of the Elven Halls
 18663 | Elf:1    | Noticed a deep elf demonologist
 18676 | Elf:1    | Killed a deep elf demonologist
 18680 | Elf:1    | Noticed a deep elf annihilator
 18734 | Orc:2    | HP: 3/106 [orc warrior/+0 hand axe (8)]
 19164 | Orc:2    | Noticed a two-headed ogre
 19164 | Orc:2    | Noticed a two-headed ogre
 19165 | Orc:2    | Noticed a two-headed ogre
 19178 | Orc:2    | Noticed a two-headed ogre
 19181 | Orc:2    | Killed a two-headed ogre
 19184 | Orc:2    | Killed a two-headed ogre
 19185 | Orc:2    | Reached skill level 15 in Axes
 19185 | Orc:2    | Reached XP level 13. HP: 98/113 MP: 15/15
 19200 | Orc:2    | Received a gift from Okawaru
 19226 | Orc:2    | Found Nucrudd's Weapon Boutique.
 19226 | Orc:2    | Found Eloe's Armour Shop.
 19227 | Orc:2    | Noticed a stone giant
 19262 | Orc:2    | Reached ****** piety under Okawaru
 19280 | Orc:2    | Hit by a large rock thrown by a stone giant

Illustrated notes

Levels and vault maps discovered:
D:1:      matt_arrival_refuge, layout_loops_corners, evilmike_ruin_ashenzari
D:2:      layout_rooms, minmay_pentomino_t4
D:3:      layout_basic
D:4:      layout_loops_ring, grunt_temple_overflow_lords_of_destruction,
          lemuel_doored_altar, uniq_sigmund, uniq_edmund, uniq_grinder
D:5:      cheibrodos_iron_armory, layout_basic
D:6:      layout_rooms, general_overflow_altar,
          minmay_temple_entry_stoned_glass, st_stairs_7, uniq_maggie
D:7:      layout_cave_pools, gammafunk_temple_overflow_statue, basic_altar,
          serial_gnoll_camp, grums_kennel, gnoll_camp_mini_house,
          gnoll_camp_medium_02, gnoll_camp_mini_sergeant, trog_wizard
D:8:      kennysheep_town, uniq_maurice
D:9:      layout_rooms, gammafunk_ghost_stat_death, minivault_13
D:10:     layout_layer_cave, basic_altar
D:11:     layout_rooms, lair_entry_dummy, serial_shops, nicolae_shop_crystal,
          uniq_urug, uniq_grum, uniq_nergalle
D:12:     layout_small_grid, david_orc_2
Orc:1:    layout_caves
Orc:2:    st_orc_open, layout_diamond_mine
Elf:1:    layout_onion_city, minmay_elf_annihilation, corexii_leaking_fountain,
          minmay_curled_crystal

Skill      XL: |  1  2  3  4  5  6  7  8  9 10 11 12 13 |
---------------+----------------------------------------+-----
Axes           | 3 4 5 6 7 9 10 11 13 15 | 15.6
Armour         | 4 5 6 8 9 10 | 10.6
Dodging        | 1 2 3 |  3.7
Fighting       | 4 5 6 7 8 10 | 10.5
Shields        | 4 6 7 8 9 10 | 10.9
Long Blades    | 1 2 3 4 |  4.0
Throwing       | 1 2 4 5 |  5.7
Stealth        | 1 2 |  2.0
Invocations    | 1 3 4 |  4.0
Evocations     | 1 2 |  2.2

Action                   |  1- 3 |  4- 6 |  7- 9 | 10-12 | 13-15 || total
-------------------------+-------+-------+-------+-------+-------++-------
Melee: War axe           |   118 |    78 |       |       |       ||   196
       Hand axe          |       |    56 |   365 |   624 |       ||  1045
       Long sword        |       |    20 |    44 |    48 |       ||   112
       Scimitar          |       |       |       |    13 |       ||    13
       Broad axe         |       |       |       |   144 |    48 ||   192
Throw: Dart              |       |     6 |    15 |    97 |     3 ||   121
       Throwing net      |       |       |       |     5 |       ||     5
Invok: Heroism           |       |       |     7 |    16 |     2 ||    25
       Finesse           |       |       |       |     3 |     1 ||     4
Evoke: Wand              |       |       |       |    23 |     6 ||    29
       Phial of floods   |       |       |       |       |     1 ||     1
  Use: Scroll            |       |     2 |       |    32 |     2 ||    36
       Potion            |       |       |       |     9 |       ||     9
 Stab: Held in net/web   |       |       |       |     1 |       ||     1
Armor: Scale mail        |    48 |    49 |     7 |       |       ||   104
       Leather armour    |       |    15 |       |       |       ||    15
       Chain mail        |       |       |   134 |   338 |    28 ||   500
Dodge: Dodged            |    47 |    60 |   108 |   215 |    17 ||   447
Block: Kite shield       |    45 |       |    90 |   421 |    33 ||   589
       Buckler           |    13 |    53 |    68 |       |       ||   134
       Rpst.: Long sword |       |       |     7 |     5 |       ||    12
       Scimitar          |       |       |       |     3 |       ||     3
